Map: Ruins of Seras

Players

Bowman - Winner!

  • Race: Protoss Protoss
  • League: Grandmaster

BamBam

  • Race: Zerg Zerg
  • League: Master

VOD

Have the link to the VOD?

Description

Time

  • Played on: Feb. 3, 2016, 11:23 a.m.
  • Length: 18:59
Show
View Real Time Build Order
Export as new Build Order

Bowman Protoss - Winner!

Build Orders:  

Get SALT Encoding   

  12  0:01  Probe (Chrono Boost)  
  13  0:17  Probe (Chrono Boost)  
  14  0:26  Pylon  
  14  0:28  Probe (Chrono Boost)  
  15  0:44  Probe (Chrono Boost)  
  16  0:51  Assimilator  
  16  0:54  Probe (Chrono Boost)  
  17  1:05  Probe (Chrono Boost)  
  18  1:12  Nexus  
  18  1:15  Probe (Chrono Boost)  
  19  1:23  Gateway  
  19  1:26  Probe (Chrono Boost)  
  19  1:31  Assimilator  
  20  1:37  Probe (Chrono Boost)  
  21  1:44  Pylon  
  21  1:47  Probe (Chrono Boost)  
  22  1:58  Probe (Chrono Boost)  
  23  2:03  Gateway  
  24  2:08  Probe (Chrono Boost)  
  24  2:10  Cybernetics Core  
  24  2:17  Zealot  
  24  2:19  Probe (Chrono Boost)  
  27  2:24  Probe (Chrono Boost)  
  28  2:30  Probe (Chrono Boost)  
  28  2:35  Probe (Chrono Boost)  
  30  2:41  Probe (Chrono Boost)  
  30  2:42  Warp Gate (Chrono Boost)  
  31  2:45  Probe (Chrono Boost)  
  31  2:47  Adept  
  34  2:52  Sentry, Probe (Chrono Boost)  
  34  2:56  Probe (Chrono Boost)  
  38  3:03  Probe (Chrono Boost)  
  38  3:06  Probe (Chrono Boost)  
  39  3:13  Probe (Chrono Boost)  
  39  3:14  Sentry  
  39  3:17  Probe (Chrono Boost)  
  43  3:24  Probe (Chrono Boost)  
  44  3:29  Nexus  
  44  3:32  Probe (Chrono Boost), Pylon  
  45  3:34  Probe (Chrono Boost)  
  45  3:39  Stargate  
  46  3:47  Forge  
  46  3:51  Probe (Chrono Boost)  
  46  3:54  Mothership Core (Chrono Boost)  
  49  4:01  Pylon  
  50  4:03  Probe (Chrono Boost)  
  50  4:05  Pylon  
  50  4:10  Assimilator  
  50  4:11  Assimilator  
  50  4:13  Probe (Chrono Boost)  
  50  4:14  Pylon  
  50  4:16  Probe (Chrono Boost)  
  54  4:17  Adept  
  54  4:23  Probe (Chrono Boost)  
  55  4:26  Photon Cannon  
  55  4:28  Oracle (Chrono Boost)  
  58  4:36  Protoss Ground Weapons Level 1  
  58  4:38  Probe  
  61  4:42  Probe  
  60  4:50  Probe  
  60  4:51  Photon Cannon  
  60  4:52  Probe  
  61  4:54  Probe  
  61  4:55  Adept x2  
  67  5:02  Probe x2, Oracle (Chrono Boost)  
  67  5:07  Probe  
  63  5:23  Adept x2  
  63  5:25  Probe  
  64  5:42  Probe x2 (Chrono Boost)  
  60  5:43  Probe (Chrono Boost)  
  61  5:52  Assimilator  
  61  5:53  Probe x2 (Chrono Boost), Assimilator  
  63  6:00  Probe (Chrono Boost)  
  63  6:01  Zealot  
  63  6:02  Zealot  
  64  6:04  Probe x2 (Chrono Boost)  
  64  6:15  Probe x3 (Chrono Boost)  
  67  6:18  Oracle  
  67  6:25  Probe x2 (Chrono Boost), Zealot x2  
  74  6:28  Probe (Chrono Boost)  
  74  6:30  Stargate  
  75  6:41  Probe (Chrono Boost)  
  75  6:51  Probe (Chrono Boost)  
  76  7:07  Pylon  
  76  7:10  Pylon  
  76  7:12  Stargate, Pylon  
  76  7:18  Probe (Chrono Boost)  
  76  7:21  Pylon  
  77  7:22  Pylon  
  77  7:25  Phoenix  
  77  7:26  Probe x2 (Chrono Boost)  
  77  7:28  Probe (Chrono Boost)  
  82  7:39  Oracle  
  85  7:45  Probe (Chrono Boost)  
  85  7:46  Probe (Chrono Boost)  
  85  7:50  Probe (Chrono Boost), Oracle  
  85  7:51  Gateway  
  91  7:52  Gateway  
  91  7:54  Gateway  
  91  8:06  Oracle  
  88  8:14  Adept x2, Oracle  
  96  8:20  Probe x2 (Chrono Boost)  
  96  8:26  Oracle  
  100  8:33  Archon  
  100  8:34  Archon  
  98  8:35  Zealot  
  96  8:41  Oracle  
  88  8:48  Adept  
  82  8:56  Mothership Core (Chrono Boost)  
  79  9:04  Probe x2 (Chrono Boost)  
  79  9:09  Oracle x2  
  87  9:14  Probe (Chrono Boost)  
  88  9:17  Oracle  
  91  9:28  Zealot  
  91  9:29  Zealot x4  
  97  9:44  Oracle  
  92  9:56  Probe x3 (Chrono Boost)  
  92  9:58  Oracle x2  
  101  10:07  Probe x2 (Chrono Boost)  
  103  10:10  Probe (Chrono Boost)  
  103  10:11  Twilight Council  
  104  10:17  Probe x2 (Chrono Boost)  
  104  10:20  Probe (Chrono Boost), Oracle  
  110  10:28  Probe (Chrono Boost)  
  108  10:50  Charge  
  108  10:56  Phoenix  
  110  10:58  Templar Archives  
  106  11:20  Zealot x2  
  94  11:43  Oracle  
  94  11:44  Oracle  
  100  12:00  Zealot x5  
  100  12:19  Phoenix  
  102  12:25  Zealot x5  
  102  12:29  Phoenix  
  112  12:31  Probe x3 (Chrono Boost), Protoss Ground Weapons Level 2 (Chrono Boost)  
  112  12:36  Resonating Glaives  
  115  12:41  Robotics Facility, Probe x2 (Chrono Boost)  
  117  12:44  Pylon  
  117  12:45  Pylon  
  117  12:57  Pylon  
  117  12:59  Phoenix, Pylon  
  117  13:00  Probe (Chrono Boost), Pylon  
  117  13:03  Probe (Chrono Boost)  
  118  13:08  Phoenix  
  118  13:10  High Templar  
  118  13:11  High Templar x2  
  118  13:12  Zealot, High Templar  
  130  13:16  Pylon  
  130  13:19  Pylon  
  130  13:21  Archon x2  
  130  13:24  Phoenix, Pylon  
  130  13:26  Observer (Chrono Boost)  
  132  13:30  Probe  
  132  13:31  Protoss Air Armor Level 1  
  134  13:38  Zealot  
  136  13:42  Warp Prism  
  136  13:43  Adept x3  
  136  13:45  Zealot  
  138  13:59  Probe  
  138  14:00  Probe  
  135  14:13  High Templar  
  135  14:14  Void Ray x2, High Templar  
  135  14:15  Zealot  
  149  14:18  Zealot  
  149  14:19  Archon  
  151  14:25  Immortal  
  155  14:47  High Templar x4  
  155  14:48  Zealot  
  165  14:53  Archon x2  
  165  15:01  Void Ray x2  
  165  15:05  Immortal  
  175  15:25  High Templar  
  175  15:26  High Templar  
  175  15:27  Zealot  
  181  15:40  Pylon  
  175  15:43  Pylon  
  162  15:53  Archon  
  144  16:00  Zealot x4  
  131  16:12  Observer  
  131  16:21  Zealot  
  131  16:22  Zealot x2  
  107  17:06  Zealot  
  107  17:07  Void Ray x2  
  115  17:26  Zealot  
  115  17:27  Zealot  
  115  17:28  Zealot  
  111  18:03  Zealot x3  
  111  18:04  Void Ray x2  
  121  18:28  Zealot x2  
  125  18:34  Cybernetics Core  
Show
View Real Time Build Order
Export as new Build Order

BamBam Zerg 

Build Orders: Hatch First, Lurkers 

Get SALT Encoding   

  12  0:01  Drone  
  13  0:08  Drone  
  14  0:19  Extractor  
  14  0:20  Extractor  
  12  0:25  Drone x2  
  16  0:32  Overlord  
  16  0:55  Hatchery  
  15  0:57  Drone  
  15  1:00  Drone  
  15  1:02  Drone  
  18  1:07  Extractor  
  18  1:09  Drone  
  18  1:25  Spawning Pool  
  17  1:27  Drone  
  17  1:31  Drone  
  19  1:42  Drone  
  20  2:11  Queen x2  
  20  2:13  Zergling x4  
  20  2:14  Drone  
  27  2:21  Metabolic Boost  
  27  2:29  Drone, Overlord  
  28  2:44  Hatchery, Overlord  
  28  2:51  Drone x3  
  30  2:54  Drone x2  
  32  3:04  Evolution Chamber  
  31  3:10  Drone x3  
  33  3:27  Zergling x6  
  33  3:28  Zergling x10  
  41  3:35  Baneling Nest  
  41  3:37  Zergling x2  
  41  3:47  Zergling x4  
  43  3:51  Zergling x2  
  43  3:53  Spore Crawler  
  43  3:54  Drone  
  44  3:55  Spore Crawler  
  43  4:04  Zerg Melee Weapons Level 1  
  43  4:11  Drone  
  43  4:12  Drone x2  
  45  4:24  Zergling x12  
  49  4:37  Overlord  
  49  4:51  Drone  
  49  4:52  Overlord x3  
  50  5:03  Drone x4  
  50  5:04  Drone x4  
  53  5:23  Zergling x2  
  53  5:24  Zergling x18  
  58  5:38  Baneling x2  
  58  5:39  Baneling  
  54  5:44  Zergling x8  
  54  5:47  Lair  
  58  5:51  Hatchery  
  58  5:52  Zergling x6  
  60  5:58  Hatchery, Zergling x4  
  59  6:09  Zergling x6  
  57  6:15  Drone  
  57  6:17  Roach Warren  
  55  6:22  Drone x6  
  61  6:28  Spore Crawler  
  50  6:54  Zergling x2  
  50  6:55  Zergling x26  
  61  7:03  Extractor x2  
  61  7:04  Queen x3  
  61  7:05  Nydus Network, Queen  
  66  7:11  Spine Crawler  
  66  7:13  Drone x4  
  69  7:16  Queen  
  69  7:20  Drone x5  
  76  7:29  Spore Crawler  
  75  7:33  Baneling x3  
  75  7:49  Zergling x16  
  75  7:50  Zergling x18  
  88  7:53  Zerg Melee Weapons Level 2  
  88  8:08  Nydus Canal  
  88  8:10  Queen  
  88  8:11  Queen x3  
  93  8:13  Spore Crawler x2  
  93  8:18  Queen  
  89  8:25  Baneling x5  
  89  8:26  Baneling  
  75  8:46  Queen  
  66  8:50  Zergling x16  
  66  8:51  Zergling x10  
  71  9:01  Zergling x12  
  73  9:05  Nydus Canal  
  73  9:13  Drone x4  
  73  9:14  Drone  
  73  9:16  Drone  
  79  9:28  Drone x5  
  79  9:29  Drone x2  
  86  9:36  Queen  
  70  9:54  Drone x9  
  70  9:55  Drone  
  78  10:07  Infestation Pit  
  78  10:12  Zergling x14  
  78  10:13  Zergling x4  
  86  10:19  Zerg Missile Weapons Level 1  
  86  10:23  Overlord  
  86  10:24  Overlord x3  
  80  10:38  Queen x2  
  80  10:39  Queen  
  84  10:46  Hive  
  82  10:52  Nydus Canal  
  82  10:54  Baneling x4  
  82  10:55  Baneling x7  
  82  10:56  Zergling x4  
  84  11:21  Zergling x6  
  84  11:22  Zergling x14  
  84  11:23  Zergling x10  
  84  11:24  Zergling x2  
  85  12:08  Viper x3  
  88  12:10  Drone x6  
  88  12:11  Drone  
  101  12:18  Overlord x4  
  101  12:22  Spore Crawler  
  101  12:23  Spore Crawler  
  101  12:24  Spore Crawler  
  98  12:38  Extractor, Spore Crawler  
  98  12:39  Extractor  
  91  12:44  Hydralisk Den  
  90  12:53  Drone x2  
  90  12:54  Drone x4  
  96  13:13  Lurker Den  
  96  13:14  Hatchery  
  96  13:25  Nydus Canal  
  96  13:27  Hydralisk x4  
  96  13:28  Hydralisk x2  
  96  13:32  Hatchery  
  107  13:35  Extractor  
  106  13:52  Adrenal Glands  
  97  14:13  Hatchery  
  97  14:14  Spine Crawler  
  97  14:15  Spore Crawler, Spine Crawler x2  
  97  14:16  Zergling x2  
  93  14:17  Zergling x2  
  93  14:18  Zergling x4  
  93  14:19  Zergling x2  
  93  14:20  Zergling x2  
  98  14:24  Zerg Ground Armor Level 1  
  98  14:27  Evolution Chamber  
  97  14:31  Drone x2  
  97  14:32  Drone, Overlord x6  
  97  14:33  Overlord  
  97  14:36  Spire  
  99  14:44  Lurker x5  
  104  14:54  Zergling x18  
  104  14:55  Zergling x4  
  113  15:06  Drone  
  113  15:07  Drone x2  
  116  15:20  Nydus Canal  
  115  15:23  Spore Crawler x2  
  115  15:24  Spore Crawler  
  115  15:27  Hydralisk x9, Spine Crawler  
  96  15:57  Lurker x2  
  71  16:17  Nydus Canal  
  59  16:18  Zergling x2  
  59  16:19  Zergling x14  
  59  16:24  Spore Crawler  
  45  16:45  Drone x3  
  33  17:12  Drone x2  
  33  17:13  Lair  
  23  17:30  Hatchery, Drone x2  
  22  17:47  Drone  
  23  17:56  Drone  
  24  18:08  Overlord  
  24  18:12  Spire  
  23  18:16  Overlord  
  23  18:23  Extractor  
Tags
 
Add a new tag
Caveats
  • Supply blocks, unpowered buildings, or Contaminate may cause inaccurate times.
  • Supply counts are checked every 10 seconds.